[Event "Bluenose op"]
[Site "Halifax CAN"]
[Date "2020.02.21"]
[Round "1"]
[White "Dorrance, Adam"]
[Black "Zhang, Brian"]
[Result "1-0"]
[ECO "C02"]
[WhiteElo "2342"]
[BlackElo "1574"]
[PlyCount "99"]
[EventDate "2020.02.21"]
[EventType "swiss"]
[EventRounds "5"]
[EventCountry "CAN"]
[TimeControl "2"]

1. e4 e6 2. d4 d5 3. e5 c5 4. c3 Nc6 5. Nf3 Qb6 6. Bd3 Bd7 7. O-O Nge7 8. dxc5
Qc7 9. Re1 Ng6 10. b4 Be7 11. Na3 a6 12. Nc2 O-O 13. Ncd4 Rfc8 14. Nxc6 Bxc6
15. Nd4 Qd7 16. f4 Ba4 17. Qg4 b6 18. c6 Bxc6 19. f5 Nf8 20. f6 Ng6 21. fxe7
Qxe7 22. Bg5 Qd7 23. h4 Nf8 24. Bf6 Ng6 25. h5 gxf6 26. hxg6 f5 27. gxh7+ Kh8
28. Nxf5 exf5 29. Bxf5 Qe7 30. Bxc8 Qf8 31. Bf5 Re8 32. e6 f6 33. e7 Qf7 34.
Bg6 Qg7 35. Bxe8 Bxe8 36. Qxg7+ Kxg7 37. Rad1 Kxh7 38. Rxd5 Kg7 39. Rd8 Kf7 40.
c4 f5 41. c5 bxc5 42. bxc5 a5 43. Rxe8 Kxe8 44. c6 a4 45. c7 a3 46. c8=Q+ Kf7
47. e8=Q+ Kf6 48. Qce6+ Kg5 49. Q8g6+ Kf4 50. Rf1# 1-0

[Event "Bluenose op"]
[Site "Halifax CAN"]
[Date "2020.02.21"]
[Round "1"]
[White "Penney, Mark"]
[Black "Maxwell, Jonathan"]
[Result "0-1"]
[ECO "A26"]
[WhiteElo "1479"]
[BlackElo "1869"]
[PlyCount "76"]
[EventDate "2020.02.21"]
[EventType "swiss"]
[EventRounds "5"]
[EventCountry "CAN"]
[TimeControl "2"]

1. c4 e5 2. Nc3 Nc6 3. g3 g6 4. Nf3 Bg7 5. d3 d6 6. Bg2 h6 7. a3 a5 8. O-O Be6
9. Bd2 f5 10. Nh4 Nge7 11. Nd5 g5 12. Nxe7 Nxe7 13. Nf3 O-O 14. Bc3 Ng6 15. Nd2
c6 16. b4 axb4 17. axb4 Qd7 18. Qc2 f4 19. d4 Bf5 20. Be4 Rxa1 21. Bxa1 exd4
22. Nb3 Ne5 23. Bxd4 Bxe4 24. Qxe4 Qh3 25. Bxe5 Bxe5 26. Nd2 g4 27. c5 Bc3 28.
Qc4+ d5 29. Qxc3 d4 30. Qc4+ Kh7 31. Qd3+ Kg8 32. Qg6+ Kh8 33. Ne4 f3 34. exf3
gxf3 35. Qxh6+ Qxh6 {Transcript believed correct to here} 36. Ra1 Rg8 37. Kf1
Rg4 38. Nd2 Qxd2 {White resigns} 0-1

[Event "Bluenose op"]
[Site "Halifax CAN"]
[Date "2020.02.21"]
[Round "1"]
[White "Ramirez-Orta, Juan"]
[Black "Gonzalez-Cueto, Jose"]
[Result "0-1"]
[ECO "C42"]
[WhiteElo "1561"]
[BlackElo "2057"]
[PlyCount "36"]
[EventDate "2020.02.21"]
[EventType "swiss"]
[EventRounds "5"]
[EventCountry "CAN"]
[TimeControl "2"]

1. e4 e5 2. Nf3 Nf6 3. Nc3 Bb4 4. Nxe5 O-O 5. Bc4 Qe7 6. Nf3 Bxc3 7. dxc3 Qxe4+
8. Qe2 Qg4 9. Be3 d5 10. Bd3 Re8 11. O-O-O Qa4 12. Bb5 Qxa2 13. Bxe8 Nxe8 14.
Bc5 Be6 15. Ng5 Nc6 16. Nxe6 Na5 17. Nxc7 Nc4 18. Nxa8 Qa1# 0-1

[Event "Bluenose op"]
[Site "Halifax CAN"]
[Date "2020.02.21"]
[Round "1"]
[White "Saunders, Stephen"]
[Black "Van de Moortele, Greg"]
[Result "1/2-1/2"]
[ECO "A60"]
[WhiteElo "1884"]
[BlackElo "1528"]
[PlyCount "58"]
[EventDate "2020.02.21"]
[EventType "swiss"]
[EventRounds "5"]
[EventCountry "CAN"]
[TimeControl "2"]

1. d4 c5 2. d5 d6 3. c4 Nf6 4. Nc3 e6 5. e4 e5 6. f3 Be7 7. Be3 Nh5 8. Qd2 Na6
9. Nge2 O-O 10. O-O-O Bd7 11. g4 Nf6 12. h4 Nxg4 13. fxg4 Bxg4 14. Bh3 Bf3 15.
Rhf1 Bh5 16. Bg5 f6 17. Be6+ Bf7 18. Be3 Nc7 19. Bxf7+ Rxf7 20. Ng3 Qd7 21. Rg1
Kf8 22. Nf5 g6 23. Nh6 Rg7 24. Rdf1 Ke8 25. h5 g5 26. Nf5 Rg8 27. Qf2 Bf8 28.
Rg3 h6 29. Rf3 Kd8 {
White was better but players agreed to a draw User Adjudication} 1/2-1/2

[Event "Bluenose op"]
[Site "Halifax CAN"]
[Date "2020.02.22"]
[Round "2"]
[White "Anderson, Ian"]
[Black "Cashin, Ken"]
[Result "1/2-1/2"]
[ECO "A46"]
[WhiteElo "1587"]
[BlackElo "1682"]
[PlyCount "168"]
[EventDate "2020.02.21"]
[EventType "swiss"]
[EventRounds "5"]
[EventCountry "CAN"]
[TimeControl "2"]

1. d4 Nf6 2. Nf3 e6 3. g3 b5 4. Bg2 Bb7 5. O-O Be7 6. c3 O-O 7. Nbd2 d6 8. Re1
Nbd7 9. Qc2 Re8 10. e4 e5 11. a4 a6 12. axb5 axb5 13. Rxa8 Qxa8 14. b3 Qa7 15.
Bb2 Qb6 16. c4 Bf8 17. d5 Ra8 18. Ra1 Rxa1+ 19. Bxa1 Qa7 20. Bb2 b4 21. Ne1 Nc5
22. h3 g6 23. Nd3 Nxd3 24. Qxd3 Qa2 25. Qc2 Nd7 26. Nf3 Nc5 27. Ne1 Bc8 28. f4
Bg7 29. fxe5 dxe5 30. Kh2 f5 31. Bc1 Qxb3 32. Qxb3 Nxb3 33. Be3 Nd4 34. Nd3 b3
35. Nb2 fxe4 36. Kg1 Nf3+ 37. Kf2 h5 38. Ke2 Bf5 39. Kd1 Nd4 40. Kd2 Nf3+ 41.
Kc3 Nd4 42. Bf1 Nc2 43. Nd1 Nd4 44. c5 Kf7 45. Bc4 Ke7 46. Nb2 Bxh3 47. Na4 Bf6
48. c6 Nf5 49. Bc5+ Nd6 50. Bxb3 e3 51. Bxe3 e4+ 52. Kd2 Bf1 53. Bc5 Be5 54.
Nc3 Bd3 55. Ke3 Bxg3 56. Bxd6+ Kxd6 57. Nxe4+ Bxe4 58. Kxe4 h4 59. Kf3 g5 60.
Kg4 Bf4 61. Ba2 Ke5 62. Kh3 Ke4 63. Bb3 Kf3 64. Bd1+ Kf2 65. Bg4 Bg3 66. Be6
Ke3 67. Kg4 Ke4 68. Kh3 Ke5 69. Kg4 Bf4 70. Kh3 Ke4 71. Kg4 Ke3 72. Kh3 Kf3 73.
Bg4+ Ke4 74. Be6 Bd6 75. Kg4 Be7 76. Kh3 Kf4 77. Bg4 Ke3 78. Be6 Ke4 79. Kg4
Ke5 80. Kh3 Bf6 81. Kg4 Kd6 82. Kh3 Be7 83. Kg4 Ke5 84. Kh3 Bf6 {
User Adjudication} 1/2-1/2

[Event "Bluenose op"]
[Site "Halifax CAN"]
[Date "2020.02.22"]
[Round "2"]
[White "Mallais, Daniel"]
[Black "Al-Gashm, Wael"]
[Result "1/2-1/2"]
[ECO "D02"]
[WhiteElo "1928"]
[BlackElo "1299"]
[PlyCount "60"]
[EventDate "2020.02.21"]
[EventType "swiss"]
[EventRounds "5"]
[EventCountry "CAN"]
[TimeControl "2"]

1. d4 d5 2. Nf3 Bg4 3. Ne5 Nf6 4. Nxg4 Nxg4 5. e4 Nf6 6. e5 Nfd7 7. Bd3 e6 8.
O-O Be7 9. Qg4 g6 10. c4 c5 11. cxd5 cxd4 12. dxe6 Nxe5 13. Bb5+ Nbc6 14. Qg3
Qd5 15. exf7+ Nxf7 16. Ba4 O-O 17. Bb3 Qf5 18. Re1 Rfe8 19. Rf1 Rad8 20. Qf4
Qxf4 21. Bxf4 Bf6 22. Nd2 d3 23. Rab1 Nd4 24. Be3 Nxb3 25. Nxb3 b6 26. Rfd1 Ne5
27. Nd4 Nc4 28. Rxd3 Re4 29. b3 Nxe3 30. fxe3 Bxd4 {User Adjudication} 1/2-1/2

[Event "Bluenose op"]
[Site "Halifax CAN"]
[Date "2020.02.22"]
[Round "2"]
[White "Wang, Andy"]
[Black "Kapra, Jerjis"]
[Result "0-1"]
[ECO "B12"]
[WhiteElo "1778"]
[BlackElo "1939"]
[PlyCount "74"]
[EventDate "2020.02.21"]
[EventType "swiss"]
[EventRounds "5"]
[EventCountry "CAN"]
[TimeControl "2"]

1. e4 c6 2. d4 d5 3. f3 Qb6 4. Nc3 dxe4 5. Nxe4 Bf5 6. b3 Nd7 7. Bb2 Ngf6 8.
Bd3 e6 9. Nxf6+ Nxf6 10. Bxf5 Qa5+ 11. Qd2 Qxf5 12. Ne2 Be7 13. Ng3 Qg6 14. c4
h5 15. Qe2 Bb4+ 16. Kf2 O-O-O 17. Ne4 e5 18. Nxf6 gxf6 19. a3 Ba5 20. b4 Bb6
21. c5 Bc7 22. dxe5 Rde8 23. Rhe1 Rhg8 24. g3 h4 25. g4 fxe5 26. Qe4 Qe6 27.
Rad1 f6 28. h3 Rg7 29. f4 Qb3 30. Qf5+ Kb8 31. Qxf6 Rf7 32. Qxh4 Qxb2+ 33. Kg1
Rxf4 34. Qg3 Ref8 35. Kh1 e4 36. Qe3 Rf1+ 37. Rxf1 Qh2# 0-1

[Event "Bluenose op"]
[Site "Halifax CAN"]
[Date "2020.02.22"]
[Round "3"]
[White "Saunders, Stephen"]
[Black "Ferreira, Paulo"]
[Result "1/2-1/2"]
[ECO "B00"]
[WhiteElo "1884"]
[BlackElo "1813"]
[PlyCount "62"]
[EventDate "2020.02.21"]
[EventType "swiss"]
[EventRounds "5"]
[EventCountry "CAN"]
[TimeControl "2"]

1. d4 b6 2. e4 Bb7 3. Bd3 e6 4. Nf3 Nf6 5. O-O Be7 6. Nbd2 d5 7. Re1 dxe4 8.
Nxe4 Nbd7 9. c3 O-O 10. Qc2 Nxe4 11. Bxe4 Bxe4 12. Qxe4 c5 13. Be3 Nf6 14. Qc2
Nd5 15. Rad1 Qc7 16. Bg5 cxd4 17. Rxd4 Bxg5 18. Nxg5 Nf6 19. Red1 Rad8 20. Qd3
Rxd4 21. Qxd4 h6 22. Nf3 Rc8 23. h3 Nd5 24. Ne5 b5 25. Nd3 a5 26. a3 Nb6 27.
Qf4 Nc4 28. Qxc7 Rxc7 29. a4 bxa4 30. Ra1 Nb6 31. Kf1 Kf8 {User Adjudication}
1/2-1/2

[Event "Bluenose op"]
[Site "Halifax CAN"]
[Date "2020.02.23"]
[Round "4"]
[White "MacDonald, Neil"]
[Black "Balakrishnan, Shreyas"]
[Result "1-0"]
[ECO "C90"]
[WhiteElo "1552"]
[BlackElo "881"]
[PlyCount "69"]
[EventDate "2020.02.21"]
[EventType "swiss"]
[EventRounds "5"]
[EventCountry "CAN"]
[TimeControl "2"]

1. e4 e5 2. Nf3 Nc6 3. Bb5 a6 4. Ba4 Nf6 5. O-O Be7 6. Re1 b5 7. Bb3 d6 8. h3
Na5 9. c3 Nxb3 10. axb3 Bb7 11. d3 O-O 12. Nbd2 c5 13. Nf1 Qb6 14. Ng3 Nd7 15.
Nf5 Bf6 16. Ng5 d5 17. Qh5 Bxg5 18. Bxg5 Qg6 19. Ne7+ Kh8 20. Nxg6+ fxg6 21.
Qg4 Bc8 22. Qe2 h6 23. Bd2 d4 24. cxd4 cxd4 25. Bb4 Rg8 26. Rac1 Nf6 27. Rc7
Nh5 28. Rec1 Be6 29. Bd6 Bxb3 30. Bxe5 Ba4 31. g4 Nf6 32. Bxf6 gxf6 33. Qf3 h5
34. Qxf6+ Rg7 35. Qxg7# 1-0

[Event "Bluenose op"]
[Site "Halifax CAN"]
[Date "2020.02.23"]
[Round "4"]
[White "Zhang, Brian"]
[Black "Gillis, Donald"]
[Result "1/2-1/2"]
[ECO "C40"]
[WhiteElo "1574"]
[BlackElo "1803"]
[PlyCount "76"]
[EventDate "2020.02.21"]
[EventType "swiss"]
[EventRounds "5"]
[EventCountry "CAN"]
[TimeControl "2"]

1. e4 e5 2. Nf3 f5 3. d4 fxe4 4. Nxe5 Nf6 5. Be2 g6 6. O-O d6 7. Nc4 d5 8. Ne3
Bd6 9. c4 c6 10. Nc3 Be6 11. Qb3 Qd7 12. cxd5 cxd5 13. Nexd5 Bxd5 14. Nxd5 Nxd5
15. Bc4 Nb6 16. Bb5 Nc6 17. d5 Nxd5 18. Rd1 Nc7 19. Bf4 Nxb5 20. Qxb5 O-O-O 21.
Rxd6 Qe8 22. Rad1 Rxd6 23. Rxd6 Rf8 24. Bg3 e3 25. Rd1 Rf5 26. Qc4 exf2+ 27.
Bxf2 Qf7 28. Qxf7 Rxf7 29. Kf1 a6 30. Ke2 h5 31. Be3 Kc7 32. b3 Re7 33. Rd5 Nb4
34. Rd2 Kc6 35. Kf3 Rf7+ 36. Ke2 Re7 37. Kf3 Rf7+ 38. Ke2 Re7 {
3-fold repetition} 1/2-1/2

[Event "Bluenose op"]
[Site "Halifax CAN"]
[Date "2020.02.23"]
[Round "5"]
[White "Balakrishnan, Shreyas"]
[Black "Gandhi, Veer"]
[Result "0-1"]
[ECO "A82"]
[WhiteElo "881"]
[BlackElo "1344"]
[PlyCount "128"]
[EventDate "2020.02.21"]
[EventType "swiss"]
[EventRounds "5"]
[EventCountry "CAN"]
[TimeControl "2"]

1. d4 f5 2. e4 fxe4 3. Bc4 Nf6 4. Nc3 e6 5. Bg5 b6 6. d5 h6 7. Bf4 g5 8. Be5 d6
9. Bxf6 Qxf6 10. Qh5+ Qf7 11. Qxf7+ Kxf7 12. dxe6+ Bxe6 13. Bxe6+ Kxe6 14. Nxe4
Bg7 15. O-O-O Nc6 16. Nf3 Rae8 17. Rde1 Kd7 18. h4 g4 19. Nh2 Ne5 20. f4 gxf3
21. Nxf3 Nxf3 22. gxf3 h5 23. Rhg1 Bh6+ 24. Kb1 Kc6 25. Rd1 Ref8 26. Rdf1 Rf4
27. Rh1 Rhf8 28. Rh3 Rxe4 29. Rg1 Ref4 30. Rf1 Bg7 31. Kc1 Bf6 32. Rh2 Rxh4 33.
Rxh4 Bxh4 34. Rh1 Bg5+ 35. Kd1 h4 36. Ke2 Rh8 37. Rh3 Bf4 38. Kd3 Bg3 39. Ke4
Rf8 40. Rh1 d5+ 41. Ke3 Kd6 42. Rg1 Re8+ 43. Kd3 Re1 44. Rg2 h3 45. Rxg3 h2 46.
Rg6+ Kc5 47. b4+ Kb5 48. Rh6 h1=Q 49. Rxh1 Rxh1 50. c3 Re1 51. Kd2 Re8 52. Kd3
a5 53. Kd4 c6 54. a3 axb4 55. axb4 Re6 56. Kd3 c5 57. f4 cxb4 58. Kd4 bxc3 59.
Kxc3 Kc5 60. Kd3 Re4 61. Kc3 Rxf4 62. Kb3 Rf3+ 63. Ka4 b5+ 64. Ka5 Ra3# 0-1

[Event "Bluenose op"]
[Site "Halifax CAN"]
[Date "2020.02.23"]
[Round "5"]
[White "Ferreira, Paulo"]
[Black "Nakayasu, Rikuto"]
[Result "1/2-1/2"]
[ECO "D00"]
[WhiteElo "1813"]
[BlackElo "500"]
[PlyCount "42"]
[EventDate "2020.02.21"]
[EventType "swiss"]
[EventRounds "5"]
[EventCountry "CAN"]
[TimeControl "2"]

1. Nc3 d5 2. d4 Nf6 3. Bf4 c6 4. e3 Bf5 5. f3 e6 6. g4 Bg6 7. h4 h5 8. g5 Nfd7
9. Bd3 f5 10. gxf6 Qxf6 11. Qd2 b5 12. a3 a5 13. Qg2 Bxd3 14. cxd3 e5 15. dxe5
Nxe5 16. Bxe5 Qxe5 17. Qg6+ Ke7 18. Kd2 Qf6 19. Qg3 Qd6 20. Qg5+ Qf6 21. Qg3
Qd6 {User Adjudication} 1/2-1/2

[Event "Bluenose op"]
[Site "Halifax CAN"]
[Date "2020.02.23"]
[Round "5"]
[White "MacLean, John"]
[Black "Penney, Mark"]
[Result "0-1"]
[ECO "D04"]
[WhiteElo "1172"]
[BlackElo "1479"]
[PlyCount "42"]
[EventDate "2020.02.21"]
[EventType "swiss"]
[EventRounds "5"]
[EventCountry "CAN"]
[TimeControl "2"]

1. d4 Nf6 2. Nf3 d5 3. e3 c5 4. g3 Nc6 5. Bg2 Bg4 6. O-O e5 7. h3 Bh5 8. g4
Nxg4 9. hxg4 Bxg4 10. Qd2 e4 11. Ne5 Bd6 12. Nxg4 Qh4 13. Ne5 f6 14. f4 fxe5
15. fxe5 Nxe5 16. Qf2 Nf3+ 17. Bxf3 Bg3 18. Qg2 Ke7 19. Be2 Rhf8 20. Qh1 Bf2+
21. Kg2 Qg3# 0-1

[Event "Bluenose op"]
[Site "Halifax CAN"]
[Date "2020.02.23"]
[Round "5"]
[White "Saunders, Stephen"]
[Black "Zhang, Brian"]
[Result "1/2-1/2"]
[ECO "E81"]
[WhiteElo "1884"]
[BlackElo "1574"]
[PlyCount "51"]
[EventDate "2020.02.21"]
[EventType "swiss"]
[EventRounds "5"]
[EventCountry "CAN"]
[TimeControl "2"]

1. d4 Nf6 2. c4 g6 3. Nc3 Bg7 4. e4 d6 5. f3 O-O 6. Bg5 h6 7. Be3 e5 8. d5 Nbd7
9. Nh3 Qe7 10. Nf2 Kh7 11. Be2 Ne8 12. g4 f5 13. gxf5 gxf5 14. exf5 Nc5 15.
Bxc5 dxc5 16. Qc2 Bxf5 17. Nce4 Kh8 18. O-O-O a6 19. Bd3 Bxe4 20. Nxe4 b6 21.
Qg2 Qf7 22. Rhf1 Nd6 23. Nxd6 cxd6 24. Qg6 Qxg6 25. Bxg6 Bf6 26. Be4 {
User Adjudication} 1/2-1/2

[Event "British Columbia-ch Seniors"]
[Site "chess.com"]
[Date "2020.06.12"]
[Round "1.1"]
[White "McLaren, Brian"]
[Black "Pangilinan, Emmanuel"]
[Result "1-0"]
[ECO "B23"]
[WhiteElo "2142"]
[BlackElo "1601"]
[PlyCount "101"]
[EventDate "2020.06.12"]
[EventType "swiss"]
[EventRounds "5"]
[EventCountry "CAN"]
[TimeControl "5400+30"]

1. e4 c5 2. Nc3 Nc6 3. g3 e6 4. Bg2 Nge7 5. Nge2 Nd4 6. O-O e5 7. d3 d6 8. f4
Bg4 9. h3 Nxe2+ 10. Nxe2 Bxe2 11. Qxe2 Nc6 12. c3 Be7 13. Be3 b6 14. Rad1 Qc7
15. d4 O-O 16. fxe5 dxe5 17. d5 Nd8 18. h4 Bd6 19. Rf2 g6 20. Bh6 Re8 21. c4
Bf8 22. Be3 Nb7 23. Rdf1 Nd6 24. b3 Bg7 25. g4 Rf8 26. g5 Qd7 27. Kh2 Rae8 28.
Bd2 a5 29. a3 Qc7 30. h5 f5 31. gxf6 Qd8 32. fxg7 Qh4+ 33. Kg1 Kxg7 34. Rxf8
Rxf8 35. Bh6+ Kxh6 36. Rxf8 Kg7 37. Qf2 Qg5 38. hxg6 hxg6 39. Rb8 Qc1+ 40. Kh2
Qh6+ 41. Bh3 Kh7 42. Rxb6 g5 43. Rxd6 Qxd6 44. Qf5+ Kh8 45. Qxg5 Qb8 46. Qf6+
Kg8 47. Be6+ Kh7 48. Bf5+ Kg8 49. Qg6+ Kf8 50. Be6 Qc7 51. d6 1-0

[Event "British Columbia-ch Seniors"]
[Site "chess.com"]
[Date "2020.06.12"]
[Round "1.2"]
[White "Bishop, Greg"]
[Black "Morgan, Scott"]
[Result "0-1"]
[ECO "C20"]
[WhiteElo "1594"]
[BlackElo "2068"]
[PlyCount "48"]
[EventDate "2020.06.12"]
[EventType "swiss"]
[EventRounds "5"]
[EventCountry "CAN"]
[TimeControl "5400+30"]

1. e4 e5 2. g3 d5 3. exd5 Qxd5 4. Qf3 Qd6 5. Nc3 Nc6 6. Nge2 Nb4 7. Kd1 Bd7 8.
a3 Bc6 9. Ne4 Qg6 10. d3 Nxd3 11. cxd3 Rd8 12. Ke1 f5 13. N2c3 Nf6 14. Bg2 Rd4
15. Kf1 fxe4 16. dxe4 Bd6 17. h4 O-O 18. Kg1 Nxe4 19. h5 Qe8 20. Qe3 Nxf2 21.
Qxf2 Rxf2 22. Kxf2 Bc5 23. Bxc6 Qxc6 24. Bg5 Rd3+ 0-1

[Event "British Columbia-ch Seniors"]
[Site "chess.com"]
[Date "2020.06.12"]
[Round "1.3"]
[White "Hoshizaki, Dale"]
[Black "Sullivan, Brian"]
[Result "1-0"]
[ECO "B23"]
[WhiteElo "2002"]
[BlackElo "1551"]
[PlyCount "65"]
[EventDate "2020.06.12"]
[EventType "swiss"]
[EventRounds "5"]
[EventCountry "CAN"]
[TimeControl "5400+30"]

1. e4 c5 2. Nc3 d6 3. Bb5+ Bd7 4. Bxd7+ Qxd7 5. f4 Nf6 6. Nf3 Nc6 7. O-O g6 8.
d3 Bg7 9. h3 O-O 10. Be3 e6 11. Qd2 a6 12. Rae1 b5 13. g4 Qb7 14. f5 b4 15. Ne2
c4 16. g5 Nh5 17. f6 Bh8 18. d4 Rfe8 19. c3 a5 20. Bf2 a4 21. Ng3 Nxf6 22. gxf6
Bxf6 23. e5 dxe5 24. Ne4 Be7 25. dxe5 Kg7 26. Qf4 h6 27. Be3 Rh8 28. Nd4 Bg5
29. Nxg5 hxg5 30. Qf6+ Kh6 31. Bxg5+ Kh7 32. Nxc6 Rhf8 33. Re4 1-0

[Event "British Columbia-ch Seniors"]
[Site "chess.com"]
[Date "2020.06.12"]
[Round "1.4"]
[White "Sly, Doug"]
[Black "Swett, Graham"]
[Result "1-0"]
[ECO "A40"]
[WhiteElo "1547"]
[BlackElo "1990"]
[PlyCount "109"]
[EventDate "2020.06.12"]
[EventType "swiss"]
[EventRounds "5"]
[EventCountry "CAN"]
[TimeControl "5400+30"]

1. d4 g6 2. Bg5 Bg7 3. e4 d6 4. f4 Nf6 5. e5 dxe5 6. fxe5 Nd5 7. Nf3 h6 8. Bd2
O-O 9. Bd3 Nd7 10. e6 fxe6 11. Bxg6 Nf4 12. Bxf4 Rxf4 13. O-O Nf8 14. Bh5 Rxd4
15. Nxd4 Qxd4+ 16. Kh1 Qxd1 17. Rxd1 Bxb2 18. Nc3 Bxc3 19. Rab1 b6 20. Bf3 Rb8
21. Rd8 Kf7 22. Bc6 Bf6 23. Rb3 e5 24. Be8+ Kg8 25. Rg3+ Bg7 26. Bd7 Bxd7 27.
Rxb8 Kf7 28. Rb7 Ne6 29. Rxa7 e4 30. Raa3 Bc6 31. Rae3 Be5 32. Rh3 Bf4 33. Re1
Bd5 34. c4 Bb7 35. Rf1 Kg6 36. Rc3 Bg5 37. Rg3 Kh5 38. Rh3+ Kg6 39. Rg3 Kh7 40.
Rf7+ Kh8 41. Kg1 Nd8 42. Rf8+ Kh7 43. Rxd8 Bf6 44. Rd7 Ba6 45. Rxc7 Bd4+ 46.
Kf1 Bc5 47. Rc3 Kg6 48. Rc6+ Kg5 49. h4+ Kxh4 50. Rxh6+ Kg5 51. Rhh3 Kf4 52.
Rh4+ Ke5 53. Rhh3 Bd4 54. Rh5+ Kd6 55. Rd5+ 1-0

[Event "British Columbia-ch Seniors"]
[Site "chess.com"]
[Date "2020.06.12"]
[Round "1.5"]
[White "Kagaoan, Jose"]
[Black "Martin, Andrew"]
[Result "1-0"]
[ECO "B20"]
[WhiteElo "1989"]
[BlackElo "1542"]
[PlyCount "83"]
[EventDate "2020.06.12"]
[EventType "swiss"]
[EventRounds "5"]
[EventCountry "CAN"]
[TimeControl "5400+30"]

1. e4 c5 2. a3 d6 3. b4 Bd7 4. Nf3 e6 5. Bb2 Nf6 6. d3 Be7 7. Nbd2 O-O 8. g3 a6
9. Bg2 Nc6 10. c3 Qc7 11. O-O Rac8 12. Rc1 b5 13. d4 c4 14. Re1 h6 15. Nf1 Rfd8
16. Rc2 e5 17. d5 Nb8 18. h3 Nh7 19. g4 Ng5 20. Nxg5 Bxg5 21. Bc1 Bf4 22. Qf3
g5 23. Ng3 Rf8 24. Nh5 f6 25. Kh1 Be8 26. Rg1 Bg6 27. Ng3 Qh7 28. h4 Rcd8 29.
h5 Be8 30. Nf5 Bf7 31. Bh3 Rd7 32. Qe2 Rfd8 33. f3 Ra7 34. Bxf4 gxf4 35. Qf2
Rb7 36. Qh4 Qh8 37. g5 hxg5 38. Rxg5+ Kf8 39. Rg7 Rdd7 40. Qxf6 Qxh5 41. Rg8+
Kxg8 42. Qg7# 1-0

[Event "British Columbia-ch Seniors"]
[Site "chess.com"]
[Date "2020.06.12"]
[Round "1.6"]
[White "Lee, Mau-Seng"]
[Black "Dimitrijevic, Darko"]
[Result "1-0"]
[ECO "B20"]
[WhiteElo "1524"]
[BlackElo "1947"]
[PlyCount "105"]
[EventDate "2020.06.12"]
[EventType "swiss"]
[EventRounds "5"]
[EventCountry "CAN"]
[TimeControl "5400+30"]

1. e4 c5 2. e5 e6 3. c4 Nc6 4. f4 Qc7 5. Nf3 d6 6. d4 cxd4 7. Nxd4 dxe5 8. Nb5
Qb8 9. fxe5 Qxe5+ 10. Qe2 Qb8 11. Be3 a6 12. Nd4 Nge7 13. Nc3 Nxd4 14. Bxd4 Nc6
15. Bf2 Bb4 16. a3 Bd6 17. g3 Bd7 18. Bg2 O-O 19. O-O b6 20. Rad1 Rd8 21. Ne4
Be7 22. Rd2 Be8 23. Rfd1 Rxd2 24. Rxd2 Qc7 25. Be3 Rc8 26. c5 bxc5 27. Qxa6 Nd4
28. Nc3 h6 29. Bf4 Qd8 30. Rd1 Bc6 31. Bxc6 Rxc6 32. Qd3 Bf6 33. Qe4 Qb6 34.
Rb1 Qa6 35. h4 Rc8 36. Rf1 Qc6 37. Qxc6 Rxc6 38. Bxh6 Bxh4 39. gxh4 gxh6 40.
Ne4 f5 41. Nf6+ Kg7 42. Nd7 Kf7 43. Ne5+ Kf6 44. Nxc6 Nxc6 45. Rc1 Nd4 46. Rxc5
Ke7 47. a4 Kd7 48. a5 Kd6 49. Rc8 Kd7 50. Rh8 Nc6 51. b4 Nxb4 52. Rxh6 Nc6 53.
a6 1-0

[Event "British Columbia-ch Seniors"]
[Site "chess.com"]
[Date "2020.06.12"]
[Round "1.7"]
[White "Haines, Duncan"]
[Black "Hanrahan, Nigel"]
[Result "1/2-1/2"]
[ECO "D34"]
[WhiteElo "1931"]
[BlackElo "1516"]
[PlyCount "70"]
[EventDate "2020.06.12"]
[EventType "swiss"]
[EventRounds "5"]
[EventCountry "CAN"]
[TimeControl "5400+30"]

1. d4 d5 2. Nf3 e6 3. c4 c5 4. cxd5 exd5 5. g3 Nc6 6. Bg2 Nf6 7. O-O Be7 8. Nc3
O-O 9. Bg5 cxd4 10. Nxd4 h6 11. Be3 Re8 12. Rc1 Bf8 13. Qa4 Nxd4 14. Qxd4 Be6
15. Rfd1 Ng4 16. Nxd5 Nxe3 17. fxe3 Qg5 18. Nc7 Rad8 19. Nxe6 Rxd4 20. Nxg5
Rxd1+ 21. Rxd1 hxg5 22. Rd7 Rxe3 23. Bd5 Re7 24. Rxb7 Rxb7 25. Bxb7 Bc5+ 26.
Kg2 Kf8 27. Kf3 a5 28. g4 Ke7 29. Ke4 Kd6 30. Bd5 f6 31. b3 Bb4 32. Bc4 Bc3 33.
Kf5 Ke7 34. e4 Be5 35. h3 Bd6 1/2-1/2

[Event "British Columbia-ch Seniors"]
[Site "chess.com"]
[Date "2020.06.12"]
[Round "1.8"]
[White "Schwarz, Heiner"]
[Black "Pitre, Hanniegn"]
[Result "0-1"]
[ECO "B01"]
[WhiteElo "1490"]
[BlackElo "1905"]
[PlyCount "82"]
[EventDate "2020.06.12"]
[EventType "swiss"]
[EventRounds "5"]
[EventCountry "CAN"]
[TimeControl "5400+30"]

1. e4 d5 2. exd5 Nf6 3. Bb5+ Nbd7 4. c4 a6 5. Ba4 b5 6. Bb3 Nc5 7. d4 Nxb3 8.
axb3 e6 9. Qe2 Bb4+ 10. Bd2 Qe7 11. dxe6 O-O 12. Nf3 Bxe6 13. d5 Bf5 14. Qxe7
Bxe7 15. O-O Bd6 16. Nd4 Bd3 17. Rc1 Ne4 18. Be3 f5 19. f3 f4 20. fxe4 fxe3 21.
Ne6 Rf2 22. Nc3 bxc4 23. bxc4 Bxc4 24. Re1 Raf8 25. Nxf8 Rxf8 26. Nd1 e2 27.
Nc3 Bc5+ 28. Kh1 Rf1+ 29. Rxf1 exf1=Q+ 30. Rxf1 Bxf1 31. g3 Bd4 32. Na4 Kf7 33.
b4 Kf6 34. Nc5 Ke5 35. h4 Be2 36. Kg2 Bxc5 37. bxc5 Bg4 38. Kf2 Kxe4 39. d6
cxd6 40. c6 Kd3 41. c7 a5 0-1

[Event "British Columbia-ch Seniors"]
[Site "chess.com"]
[Date "2020.06.12"]
[Round "1.9"]
[White "Escandor, Manuel Omana"]
[Black "Bridger, Richard"]
[Result "1-0"]
[ECO "B23"]
[WhiteElo "1820"]
[BlackElo "1448"]
[PlyCount "87"]
[EventDate "2020.06.12"]
[EventType "swiss"]
[EventRounds "5"]
[EventCountry "CAN"]
[TimeControl "5400+30"]

1. e4 c5 2. f4 Nc6 3. Nf3 d6 4. Bc4 e6 5. Nc3 Nf6 6. O-O Be7 7. b3 d5 8. exd5
exd5 9. Bd3 Bg4 10. Qe1 Bxf3 11. Rxf3 O-O 12. Bb2 Nd4 13. Rh3 c4 14. Ne2 cxd3
15. Nxd4 Bc5 16. Kh1 Qd7 17. Qh4 Qg4 18. cxd3 Qxh4 19. Rxh4 Rfe8 20. Nf3 Nd7
21. Rh5 Nb6 22. Rg5 g6 23. Rc1 Bd6 24. f5 h6 25. Rg4 h5 26. Rh4 Rac8 27. Rxc8
Rxc8 28. fxg6 fxg6 29. Bc3 Bf8 30. Kg1 Bg7 31. d4 Re8 32. Ne5 Kh7 33. g4 Kh6
34. Nf7+ Kh7 35. gxh5 gxh5 36. Ne5 Kh6 37. Kg2 Rg8 38. Kf3 Bf6 39. Rh3 Nc8 40.
d3 Nd6 41. Bd2+ Bg5 42. Bb4 Be7 43. Bxd6 Bxd6 44. Nf7+ 1-0

[Event "British Columbia-ch Seniors"]
[Site "chess.com"]
[Date "2020.06.12"]
[Round "1.10"]
[White "Deimert, Elroy"]
[Black "Leblanc, Paul"]
[Result "0-1"]
[ECO "B12"]
[WhiteElo "1441"]
[BlackElo "1739"]
[PlyCount "178"]
[EventDate "2020.06.12"]
[EventType "swiss"]
[EventRounds "5"]
[EventCountry "CAN"]
[TimeControl "5400+30"]

1. e4 c6 2. d4 d5 3. e5 Bf5 4. g4 Bg6 5. h4 h5 6. e6 Qd6 7. exf7+ Bxf7 8. g5
Nd7 9. Bd3 O-O-O 10. c3 e5 11. Bf5 exd4 12. Qxd4 Re8+ 13. Be3 c5 14. Qd3 d4 15.
Ne2 dxe3 16. Qxd6 Bxd6 17. O-O Be6 18. Bg6 Rf8 19. f3 Ne7 20. Be4 Kc7 21. Na3
a6 22. Nc2 Bd5 23. Nxe3 Bxe4 24. fxe4 Rxf1+ 25. Rxf1 Rf8 26. Rd1 Ne5 27. Kg2 g6
28. b3 Rf3 29. Nc4 Rd3 30. Rxd3 Nxd3 31. Nxd6 Kxd6 32. c4 Ke5 33. Kf3 Nc8 34.
Ke3 Nb4 35. Nc1 Nc2+ 36. Kf3 Nd4+ 37. Ke3 b6 38. Nd3+ Kd6 39. Nf4 Ne7 40. Nd3
Nec6 41. Kf4 Ke6 42. Ke3 Ne5 43. Ne1 Ng4+ 44. Kf4 Ne2+ 45. Kf3 Nc1 46. Ng2 Nxa2
47. Nf4+ Kf7 48. Nd5 Ne5+ 49. Kf4 Nd7 50. e5 Nc1 51. Nc7 Nd3+ 52. Ke4 N3xe5 53.
Nxa6 Ke6 54. Nc7+ Kd6 55. Nb5+ Kc6 56. Nc3 Nf7 57. Nd5 Nd6+ 58. Kf4 Nf5 59. Ke4
Nxh4 60. Ne7+ Kd6 61. Nd5 Nf5 62. Nf4 Nf8 63. Nxh5 gxh5 64. Kxf5 h4 65. Kg4 h3
66. Kxh3 Ke6 67. Kg4 Ng6 68. Kh5 Kf7 69. Kh6 Nf8 70. Kh5 Kg7 71. Kg4 Ne6 72.
Kf5 Nd4+ 73. Ke5 Nxb3 74. Kd6 Na5 75. Kc7 Nxc4 76. Kc6 Kg6 77. Kb5 Kxg5 78.
Kxc4 Kf5 79. Kd5 Kf4 80. Kc4 Ke4 81. Kc3 b5 82. Kc2 Kd4 83. Kb3 c4+ 84. Kc2 b4
85. Kb2 Kd3 86. Kc1 Kc3 87. Kb1 Kd2 88. Kb2 c3+ 89. Kb1 c2+ 0-1